 Dungeon Crawl Stone Soup version 0.14-a0-1585-g835621a (webtiles) character file.

299 HollowCharge the Slasher (level 5, -12/37 HPs)
             Began as a High Elf Skald on Dec 22, 2013.
             Mangled by an ogre
             ... wielding a +0,+0 giant club
              (16 damage)
             ... on Level 5 of the Dungeon.
             The game lasted 00:25:31 (4291 turns).

HollowCharge the Slasher (High Elf Skald)           Turns: 4291, Time: 00:25:31

HP -12/37        AC  4     Str 12      XL: 5   Next: 30%
MP  12/12        EV 11     Int 15      God:
Gold 122         SH  0     Dex 15      Spells:  4 memorised,  0 levels left

rFire  . . .     SeeInvis .     a - +1 elf falchion
rCold  . . .     Clarity  .     b - +1 elf leather armour
rNeg   . . .     Conserve .     (no shield)
rPois  +         rCorr    +     (no helmet)
rElec  .         rRot     .     (no cloak)
SustAb . .       Spirit   .     (no gloves)
rMut   .         Warding  .     (no boots)
Saprov . . .     Stasis   .     i - amulet of resist corrosion
                                l - ring of poison resistance {unknown}
                                o - ring of teleport control

@: slightly resistant to hostile enchantments, unstealthy
A: no striking features
a: Evoke Teleport Control


You were on level 5 of the Dungeon.
You were not hungry.

You visited 1 branch of the dungeon, and saw 5 of its levels.

You collected 122 gold pieces.

Inventory:

Hand weapons
 a - a +1,+1 elven falchion (weapon)
Armour
 b - a +1 elven leather armour (worn)
 m - a +0 robe
Comestibles
 d - 2 bread rations
 h - 2 meat rations
 j - a banana
 k - an apple
 p - a chunk of bat flesh
Scrolls
 f - 2 scrolls of enchant weapon I
 g - a scroll of teleportation
 q - a scroll of remove curse
 r - a scroll of enchant weapon II
Jewellery
 i - an amulet of resist corrosion (around neck)
 l - a ring of poison resistance (right hand) {unknown}
 o - a ring of teleport control (left hand)
Potions
 e - a potion of agility
 n - 2 potions of curing
Books
 c - a book of Battle

   Spells                             Type                      Level
   *Infusion                          Charms                       1
   *Shroud of Golubria                Charms/Translocation         2
   *Song of Slaying                   Charms                       2
   *Spectral Weapon                   Hexes/Charms                 3
   Regeneration                       Charms/Necromancy            3


   Skills:
 * Level 3.9 Fighting
 * Level 4.7 Long Blades
 - Level 0.8 Armour
 + Level 2.2 Dodging
 - Level 2.4 Spellcasting
 - Level 3.6 Charms


You couldn't memorise any spells.
You knew the following spells:

 Your Spells              Type           Power        Failure   Level  Hunger
a - Infusion              Chrm           ##....       6%          1    #......
b - Song of Slaying       Chrm           ##......     10%         2    ##.....
c - Shroud of Golubria    Chrm/Tloc      #.........   17%         2    ##.....
d - Spectral Weapon       Hex/Chrm       #.......     34%         3    ####...


Dungeon Overview and Level Annotations

Branches:
Dungeon (5/16)
 Temple: D:4-7

Altars:
Cheibriados
Elyvilon

Annotations:
D:4 Grinder


Message History

The goblin skeleton completely misses you.
You slash the goblin skeleton!
You destroy the goblin skeleton!
An ogre and Grinder come into view.
Grinder shouts!
Found a dagger.
Found a stone staircase leading down.
Grinder gestures.
Grinder blinks!
The ogre hits you with a giant club! The ogre hits you with a giant club!
* * * LOW HITPOINT WARNING * * *
There is a stone staircase leading down here.
You can't go up here!
You can't go up here!
You climb downwards.
A giant gecko and an ogre come into view.
There is a stone staircase leading up here.
The ogre shouts!
The ogre hits you with a giant club!
You die... ####.########### ......OO@l.....# ####.#########.#

You could see 2 ogres and a giant gecko.

Vanquished Creatures
  A jelly (D:4)
  An orc wizard (D:2)
  2 adders (D:2)
  A worm (D:2)
  2 giant geckos
  2 oozes
  4 orcs (D:3)
  2 ball pythons
  6 bats
  7 giant cockroaches
  8 goblins
  15 hobgoblins
  6 jackals
  9 kobolds
  A quokka (D:2)
  3 giant newts
  A goblin skeleton (D:4)
  5 rats
76 creatures vanquished.

Notes
Turn   | Place    | Note
--------------------------------------------------------------
     0 | D:1      | HollowCharge, the High Elf Skald, began the quest for the Orb.
     0 | D:1      | Reached XP level 1. HP: 14/14 MP: 4/4
   375 | D:1      | Reached XP level 2. HP: 18/20 MP: 3/6
  1415 | D:1      | Reached XP level 3. HP: 17/26 MP: 8/8
  1949 | D:1      | Learned a level 2 spell: Song of Slaying
  1952 | D:1      | Learned a level 2 spell: Shroud of Golubria
  2447 | D:2      | Reached XP level 4. HP: 15/31 MP: 4/11
  2643 | D:2      | Reached skill level 4 in Long Blades
  2725 | D:2      | Found a white marble altar of Elyvilon.
  2726 | D:2      | Found a snail-covered altar of Cheibriados.
  3054 | D:3      | Noticed a hippogriff
  3258 | D:3      | Reached XP level 5. HP: 29/37 MP: 4/12
  3619 | D:3      | Learned a level 3 spell: Spectral Weapon
  4285 | D:4      | Noticed Grinder
  4285 | D:4      | Noticed an ogre
  4290 | D:5      | Entered Level 5 of the Dungeon
  4290 | D:5      | Noticed an ogre
  4291 | D:5      | Mangled by an ogre

Action                   |  1- 3 |  4- 6 || total
-------------------------+-------+-------++-------
Melee: Falchion          |   129 |   106 ||   235
 Cast: Infusion          |    10 |     5 ||    15
       Song of Slaying   |     1 |     3 ||     4
       Shroud of Golubri |       |     2 ||     2
 Abil: Evoke Teleport Co |       |     1 ||     1
  Use: Scroll            |    12 |     5 ||    17
       Potion            |     1 |     5 ||     6
 Stab: Sleeping          |       |     1 ||     1
